 Dungeon Crawl Stone Soup version 0.25-a0-42-g6c54e25894 (webtiles) character file.

Game seed: 3906972849679455815, levelgen mode: deterministic

43 Ryzelo the Magician (level 3, 0/20 HPs)
             Began as a Deep Elf Wizard on Oct 23, 2019.
             Slain by an adder (2 damage)
             ... on level 2 of the Dungeon.
             The game lasted 00:04:29 (1584 turns).

Ryzelo the Magician (Deep Elf Wizard)               Turns: 1584, Time: 00:04:29

Health: 0/20       AC:  2    Str:  4    XL:     3   Next: 37%
Magic:  1/11       EV: 13    Int: 23    God:
Gold:   43         SH:  0    Dex: 13    Spells: 2/11 levels left

rFire    . . .     SeeInvis .   f - +0 dagger
rCold    . . .     Gourm    .   (no shield)
rNeg     . . .     Faith    .   a - +0 robe
rPois    .         Spirit   .   b - +0 hat
rElec    .         Reflect  .   (no cloak)
rCorr    .         Harm     .   (no gloves)
MR       .....                  (no boots)
Stlth    ++........             (no amulet)
HPRegen  0.06/turn              (no ring)
MPRegen  0.12/turn              (no ring)

@: no status effects
A: no striking features
a: no special abilities


You were on level 2 of the Dungeon.
You were not hungry.

You visited 1 branch of the dungeon, and saw 2 of its levels.

You collected 43 gold pieces.

Inventory:

Hand Weapons
 f - a +0 dagger (weapon)
Missiles
 e - 6 poisoned darts (quivered)
Armour
 a - a +0 robe (worn)
 b - a +0 hat (worn)
Potions
 c - a potion of heal wounds
Comestibles
 d - 5 rations


   Skills:
 + Level 1.0 Fighting
 - Level 2.4 Dodging
 - Level 2.4 Stealth
 + Level 4.9 Spellcasting
 + Level 2.0 Conjurations
   Level 1.1 Summonings
 + Level 1.7 Translocations
 + Level 0.1 Fire Magic
 + Level 0.1 Air Magic
 + Level 0.3 Poison Magic


You had 2 spell levels left.
You knew the following spells:

 Your Spells              Type           Power        Failure   Level  Hunger
a - Magic Dart            Conj           ###.         4%          1    None
b - Blink                 Tloc           N/A          7%          2    None
c - Conjure Flame         Conj/Fire      ##......     19%         3    ##.....
d - Mephitic Cloud        Conj/Pois/Air  #.......     21%         3    ##.....

Your spell library contained the following spells:

 Spells                   Type           Power        Failure   Level  Hunger
 Call Imp                 Summ           ##......     9%          2    None
 Slow                     Hex            #.......     14%         2    None


Dungeon Overview and Level Annotations

Branches:
Dungeon (2/15)

Altars:

Annotations:
D:2 Terence


Message History

The kobold hits you with a +0 short sword.
* * * LOW HITPOINT WARNING * * *
All of the chunks of flesh in your inventory have rotted away.
You completely miss the kobold.
The kobold is moderately wounded.
The kobold closely misses you.
You hit the kobold.
The kobold is severely wounded.
The adder closely misses you.
The kobold hits you with a +0 short sword.
* * * LOW HITPOINT WARNING * * *
The adder barely misses you.
You closely miss the kobold.
The kobold is severely wounded.
The kobold hits you but does no damage. The adder completely misses you.
You hit the kobold.
You kill the kobold!
The adder misses you. The kobold closely misses you. The adder bites you.
You die...

#. #....####(=
###$##...>......
w.............#
............... .
##..........#. ..##
#............. ....
#####..........#.#
..##..##(................
......KS@..............#.
..).##.######............
. #.. ##..........# ...#
##.....#.... ####
##########.


You could see an adder and a kobold.

Vanquished Creatures
  An adder (D:1)
  2 oozes (D:1)
  A dart slug (D:1)
  A leopard gecko (D:1)
  A giant cockroach (D:1)
  2 goblins (D:1)
  2 hobgoblins (D:1)
  4 kobolds
  A quokka (D:2)
  3 bats
  6 rats
24 creatures vanquished.

Notes
Turn   | Place    | Note
-------+----------+-------------------------------------------
     0 | D:1      | Ryzelo the Deep Elf Wizard began the quest for the Orb.
     0 | D:1      | Reached XP level 1. HP: 10/10 MP: 7/7
   167 | D:1      | Reached XP level 2. HP: 16/16 MP: 5/9
   205 | D:1      | Learned a level 2 spell: Blink
   742 | D:1      | Reached skill level 1 in Fighting
  1095 | D:2      | Reached XP level 3. HP: 20/20 MP: 6/11
  1100 | D:2      | Noticed Terence
  1112 | D:1      | Learned a level 3 spell: Conjure Flame
  1116 | D:1      | Learned a level 3 spell: Mephitic Cloud
  1584 | D:2      | Slain by an adder

Levels and vault maps discovered:
D:1:      dpeg_cavernosity, layout_loops_ring,
          hangedman_abyss_or_decor_lesser_grid, grunt_decor_cap
D:2:      layout_rooms, serial_glass, glass_columns_a, glass_columns_b,
          hex_large, minmay_liquid_box, kennysheep_nondescript, uniq_terence

Skill      XL: |  1  2 |
---------------+-------+-----
Fighting       | 1 |  1.0
Conjurations   | 2 |  2.0
Dodging        | |  2.4
Stealth        | |  2.4
Spellcasting   | |  4.9
Summonings     | |  1.1
Translocations | |  1.7
Fire Magic     | |  0.1
Air Magic      | |  0.1
Poison Magic   | |  0.3

Action                   || total
-------------------------++-------
Melee: Dagger            ||    10
 Cast: Magic Dart        ||    68
       Blink             ||     2
       Mephitic Cloud    ||     1
  Eat: Chunk             ||     2
Armor: Robe              ||     1
Dodge: Dodged            ||    29

Table legend:
 A = Non-vault XP
 B = Vault XP
 C = Vault XP percentage of total XP
 D = Non-vault monster count
 E = Vault monster count
 F = Vault count percentage of total count
                 A         B        C        D         E       F
            +---------+---------+-------+---------+---------+-------
      Total |      55 |       7 |  11.3 |      20 |       4 |  16.7
            +---------+---------+-------+---------+---------+-------
        D:1 |      46 |       7 |  13.2 |      14 |       4 |  22.2
        D:2 |       9 |       0 |   0.0 |       6 |       0 |   0.0
            +---------+---------+-------+---------+---------+-------
